 Dungeon Crawl Stone Soup version 0.20-a0-795-ga03948b (webtiles) character file.

340 benbatman the Carver (level 6, -6/47 HPs)
             Began as a Barachian Fighter on Feb 28, 2017.
             Mangled by a gnoll
             ... wielding a +0 flail
              (11 damage)
             ... on level 3 of the Dungeon on Mar 1, 2017.
             The game lasted 00:10:20 (2140 turns).

benbatman the Carver (Barachian Fighter)            Turns: 2140, Time: 00:10:21

Health: -6/47      AC:  6    Str: 17    XL:     6   Next: 56%
Magic:  0/6        EV:  9    Int:  8    God:
Gold:   122        SH:  0    Dex: 14    Spells: 5/5 levels left

rFire    . . .     SeeInvis .   q - +0 scimitar
rCold    . . .     Gourm    .   b - +0 scale mail
rNeg     . . .     Faith    .   (no shield)
rPois    .         Spirit   +   (no helmet)
rElec    .         Reflect  .   (no cloak)
rCorr    .         Harm     .   (no gloves)
MR       .....                  (no boots)
Stlth    ..........             p - amulet of guardian spirit
Regen    0.2/turn               (no ring)
MPRegen  0.1/turn               (no ring)

@: can't hop, slow
A: +LOS, swims, slowness 1, strong legs 1
a: Hop


You were on level 3 of the Dungeon.
You were not hungry.

You visited 1 branch of the dungeon, and saw 3 of its levels.

You collected 122 gold pieces.

Inventory:

Hand Weapons
 a - a +0 long sword
 q - a +0 scimitar (weapon)
Armour
 b - a +0 scale mail (worn)
 c - a +0 shield
 v - a +0 buckler
Jewellery
 p - an amulet of guardian spirit (around neck)
Scrolls
 h - a scroll of blinking {unknown}
 i - a scroll of identify
 j - a scroll of fog {unknown}
 k - a scroll of amnesia {unknown}
 t - 2 scrolls of enchant weapon {unknown}
Potions
 e - 2 potions of agility {unknown}
 l - 3 potions of curing
 n - 4 potions of haste
 s - a potion of brilliance {unknown}
 u - a potion of might
Comestibles
 d - a royal jelly
 f - 2 bread rations
 g - a meat ration
 o - 2 fruits
 r - a chunk of flesh


   Skills:
 - Level 3.6 Fighting
 + Level 8.1 Long Blades
 - Level 3.6 Armour
 - Level 0.4 Dodging
 - Level 3.2 Shields


You had 5 spell levels left.
You didn't know any spells.

Dungeon Overview and Level Annotations

Branches:
Dungeon (3/15)

Altars:
Elyvilon
Uskayaw
Zin
The Shining One


Innate Abilities, Weirdness & Mutations

Shadows flee at your approach. (+LOS)
You can swim through water.
You cover ground slowly.
You can hop short distances.


Message History

The gnoll hits you with a flail. The gnoll closely misses you.
The gnoll hits you but does no damage.
You barely miss the gnoll.
The gnoll is moderately wounded.
The gnoll hits you but does no damage. The gnoll hits you with a flail!
The gnoll hits you but does no damage.
You hit the gnoll but do no damage.
The gnoll is moderately wounded.
The gnoll hits you from afar with a spear.
The gnoll barely misses you.
You riposte.
You hit the gnoll.
The gnoll is moderately wounded.
The gnoll hits you with a club!
* * * LOW HITPOINT WARNING * * *
Your legs are too worn out to hop.
You hit the gnoll.
The gnoll is heavily wounded.
The gnoll hits you from afar with a spear.
* * * LOW HITPOINT WARNING * * *
The gnoll hits you with a flail!
You die...

.......'...+ #.#l
.......#...# #...
#.....##g..# #..# ##...#
#.gg# #..# ##### #.†.#
##### #..#
##...###..)###...###..#
####.....##...##.....##<.#
..#.......#...#.......#W.#
..#.......'..rgg@.....#..#
#.#.......#...#g......#..#
#.##.....##...##.....##..#
...##...##.....##...##...#
##..#####.†###..#####..#..#
###...............÷...###.#
≈≈##......######..)#.## ..#
.≈##......## ##..#.# #.#
......(....# #..#.# .#


You could see 3 gnolls and a rat.

Vanquished Creatures
  The ghost of derval the Bolt Thrower, an amateur KoHu (D:3)
  A bullfrog (D:3)
  Natasha (twice) (D:3)
  An adder (D:2)
  2 worms
  4 dart slugs
  7 leopard geckos
  An orc (D:3)
  10 bats
  2 giant cockroaches
  8 goblins
  13 hobgoblins
  4 jackals
  A quokka (D:2)
  A ball python (D:1)
  6 frilled lizards
  6 kobolds
  7 rats
77 creatures vanquished.

Notes
Turn   | Place    | Note
-------+----------+-------------------------------------------
     0 | D:1      | benbatman the Barachian Fighter began the quest for the Orb.
     0 | D:1      | Reached XP level 1. HP: 18/18 MP: 1/1
    79 | D:1      | Reached skill level 3 in Long Blades
   150 | D:1      | Reached XP level 2. HP: 15/24 MP: 2/2
   643 | D:1      | Reached skill level 4 in Long Blades
   643 | D:1      | Reached XP level 3. HP: 28/29 MP: 3/3
  1014 | D:2      | Found a glowing golden altar of the Shining One.
  1149 | D:2      | Reached XP level 4. HP: 23/36 MP: 4/4
  1270 | D:2      | Reached skill level 5 in Long Blades
  1494 | D:2      | Found a glowing silver altar of Zin.
  1495 | D:2      | Found a hide-covered altar of Uskayaw.
  1604 | D:3      | Noticed derval's ghost (amateur KoHu)
  1606 | D:3      | Noticed a bullfrog
  1621 | D:3      | Killed a bullfrog
  1621 | D:3      | Reached skill level 6 in Long Blades
  1621 | D:3      | Reached XP level 5. HP: 25/41 MP: 2/5
  1796 | D:3      | Found a white marble altar of Elyvilon.
  1839 | D:3      | Killed derval's ghost
  1839 | D:3      | Reached skill level 7 in Long Blades
  1839 | D:3      | Reached XP level 6. HP: 41/47 MP: 3/6
  1864 | D:3      | Upgraded the game from 0.20-a0-792-g09bcfd3 to 0.20-a0-795-ga03948b
  1989 | D:3      | Noticed Natasha
  1995 | D:3      | Killed Natasha
  2012 | D:3      | Noticed Natasha
  2023 | D:3      | Killed Natasha
  2023 | D:3      | Reached skill level 8 in Long Blades
  2140 | D:3      | Mangled by a gnoll

Vault maps used:
D:1:      eino_arrival_water_star, minmay_shallow_snake_nest
D:2:      minitemple, tso_metal_star
D:3:      kennysheep_six_static_rooms, lemuel_doored_altar, elyvilon_altar_4,
          uniq_robin, uniq_natasha

Skill      XL: |  1  2  3  4  5  6 |
---------------+-------------------+-----
Long Blades    | 3 4 6 7 8 |  8.1
Fighting       | |  3.6
Armour         | |  3.6
Dodging        | |  0.4
Shields        | |  3.2

Action                   |  1- 3 |  4- 6 || total
-------------------------+-------+-------++-------
Melee: Long sword        |   140 |       ||   140
       Scimitar          |       |   100 ||   100
 Abil: Hop               |     2 |     2 ||     4
  Use: Scroll            |       |     5 ||     5
       Potion            |       |     2 ||     2
  Eat: Chunk             |     1 |     4 ||     5
Armor: Scale mail        |    87 |    40 ||   127
Dodge: Dodged            |    67 |    55 ||   122
Block: Shield            |    25 |       ||    25
       Rpst.: Long sword |    20 |       ||    20
       Scimitar          |       |    18 ||    18
